 Dungeon Crawl Stone Soup version 0.27-a0-1529-g1e82c303ef (webtiles) character file.

Game seed: 1752107345816460437

197 Demosthentine the Poker (level 5, -5/39 (41) HPs)
             Began as a Merfolk Gladiator on July 11, 2021.
             Slain by a wight (7 damage)
             ... on level 3 of the Dungeon.
             The game lasted 00:02:33 (3992 turns).

Demosthentine the Poker (Merfolk Gladiator)         Turns: 3992, Time: 00:02:34

HP:   -5/39 (41)    AC:  5    Str: 15    XL:     5   Next: 75%
MP:   5/5           EV: 14    Int:  8    God:
Gold: 179           SH:  0    Dex: 15    Spells: 4/4 levels left

rFire    . . .     SeeInvis .   a - +0 trident
rCold    . . .     Faith    .   (no shield)
rNeg     . . .     Spirit   .   b - +0 leather armour
rPois    .         Reflect  .   c - +0 helmet
rElec    .         Harm     .   (no cloak)
rCorr    .         Rampage  .   (no gloves)
Will     .....                  g - +0 pair of boots
Stlth    +.........             (no amulet)
HPRegen  0.13/turn              (no ring)
MPRegen  0.09/turn              (no ring)

@: lightly drained
A: (nimble swimmer 2), mertail
a: no special abilities


You were on level 3 of the Dungeon.
You visited 1 branch of the dungeon, and saw 4 of its levels.

You collected 179 gold pieces.

Inventory:

Hand Weapons
 a - a +0 trident (weapon)
Missiles
 d - 3 throwing nets (quivered)
Armour
 b - a +0 leather armour (worn)
 c - a +0 helmet (worn)
 g - a +0 pair of boots (worn)
Scrolls
 j - a scroll of identify
Potions
 e - a potion of haste
 f - a potion of invisibility
 h - a potion of flight
 i - a potion of lignification


   Skills:
 + Level 3.5 Fighting
 + Level 5.9 Polearms
 - Level 2.0 Throwing
 + Level 1.7 Armour
 + Level 5.4 Dodging


You had 4 spell levels left.
You didn't know any spells.
Your spell library contained the following spells:

 Spells                   Type           Power      Damage    Failure   Level
 Inner Flame              Hex/Fire       0%         N/A       85%         3
 Cause Fear               Hex            0%         N/A       99%         4
 Discord                  Hex            0%         N/A       100%        8


Dungeon Overview and Level Annotations

Branches:
Dungeon (4/15)
 Temple: D:4-7

Altars:


Innate Abilities, Weirdness & Mutations

((You are quick and stealthy near water. (Stealth+, EV+, Speed+++)))
Your lower body shifts to a powerful aquatic tail in water.


Message History

There are monsters nearby!
You reach to attack!
You hit the wight.
The wight is heavily damaged.
The wight hits you from afar with a +0 halberd!
You hit the wight.
The wight is lightly damaged.
A wight comes into view. It is wielding a +0 war axe.
The wight hits you from afar with a +0 halberd!
You feel drained.
Unknown command.
There is a stone staircase leading up, spattered with blood here.
You are too injured to fight recklessly!
Reach: a) +0 trident
Press: ? - help, Dir - move target, f/p - wight
Aim: a wight, wielding a +0 halberd and wearing a +0 robe (heavily damaged, about 40% to evade your +0 trident)
You reach to attack!
You puncture the wight!
You destroy the wight!
Your life force feels restored.
The wight barely misses you.
You climb upwards.
There is a stone staircase leading down, spattered with blood here.
Unknown command.
You hit the wight.
The wight is moderately damaged.
The wight closely misses you.
You hit the wight.
The wight is severely damaged.
The wight barely misses you.
You hit the wight but do no damage.
The wight is severely damaged.
The wight hits you with a +4 dire flail of freezing.
You feel drained. The wight freezes you.
You closely miss the wight.
The wight is severely damaged.
The wight hits you with a +4 dire flail of freezing!
* * * LOW HITPOINT WARNING * * *
You feel drained.
* * * LOW HITPOINT WARNING * * *
The wight freezes you!
You die...

.................................
......#...###############.#.#....
......'...'.........†..##.#......
#######...############.##...###..
..†...#########....# #.##...#....
#####.........#....# #.##.#.###..
# #.........#....# #.####.##### #
#.........#)z..###.##....#... #
#.#########[@..'...##.#..##.. #
#.# #))).######.#...#.. # #.#
#....# #........##.
#####.#########....# #.##......#.
....#.#......####'####'##......#.
###.#.#.##...# #.#.....#......#.
###.#.#.##...# #.#.....#......#.
....#.#.##...# ##.#.....#.#....#.
........###'## #........###...##.


You could see a wight.

Vanquished Creatures
  A wight (D:4)
  An orc wizard (D:3)
  Robin (D:3)
  2 adders
  A worm (D:2)
  A dart slug (D:1)
  8 orcs
  4 bats
  6 endoplasms
  A giant cockroach (D:1)
  10 goblins
  6 hobgoblins
  19 jackals
  4 quokkas
  4 ball pythons
  5 kobolds
  6 rats
80 creatures vanquished.

Notes
Turn   | Place    | Note
-------+----------+-------------------------------------------
     0 | D:1      | Demosthentine the Merfolk Gladiator began the quest for the
                  | Orb.
     0 | D:1      | Reached XP level 1. HP: 16/16 MP: 1/1
   190 | D:1      | Reached XP level 2. HP: 23/23 MP: 2/2
   709 | D:1      | Reached XP level 3. HP: 12/28 MP: 3/3
  1174 | D:1      | Reached skill level 5 in Polearms
  1205 | D:1      | You fall into a shaft and drop 1 floor!
  1522 | D:2      | Reached skill level 1 in Armour
  1748 | D:2      | Reached XP level 4. HP: 34/34 MP: 4/4
  2353 | D:3      | Reached skill level 5 in Dodging
  2773 | D:3      | Found a faded altar of an unknown god.
  2832 | D:3      | Reached XP level 5. HP: 37/41 MP: 5/5
  3328 | D:4      | Noticed Robin
  3665 | D:3      | Killed Robin
  3992 | D:3      | Slain by a wight

Illustrated notes

Levels and vault maps discovered:
D:1:      minmay_arrival_semitransparent, layout_basic, serial_bayou_pond_e
D:2:      layout_basic, minmay_crystal_room
D:3:      layout_basic, hellmonk_ecumenical_altar_zigzags
D:4:      layout_cave_pools, uniq_robin

Skill      XL: |  1  2  3  4 |
---------------+-------------+-----
Polearms       | 5 |  5.9
Armour         | 1 |  1.7
Fighting       | 3 |  3.5
Dodging        | 5 |  5.4
Throwing       | |  2.0

Action                   |  1- 3 |  4- 6 || total
-------------------------+-------+-------++-------
Melee: Trident           |   129 |   179 ||   308
  Use: Scroll            |     5 |     4 ||     9
 Stab: Sleeping          |     3 |     1 ||     4
Armor: Leather armour    |    37 |    60 ||    97
Dodge: Dodged            |    93 |   126 ||   219

Table legend: (Time is in decaauts)
 A = Elapsed time spent in this place.
 B = Non-inter-level travel time spent in this place.
 C = Inter-level travel time spent in this place.
 D = Time resting spent in this place.
 E = Time spent auto-exploring this place.
 F = Levels seen in this place.
 G = Mean time per level.
                   A        B        C        D        E       F      G
               +--------+--------+--------+--------+--------+-----+--------+
         Total |   4012 |   3900 |    112 |    202 |   3095 |   4 | 1003.0 |
       Dungeon |   4012 |   3900 |    112 |    202 |   3095 |   4 | 1003.0 |
               +--------+--------+--------+--------+--------+-----+--------+

Top non-repeatable levels by time:
     D:3: 1900 daAuts
     D:1: 1371 daAuts
     D:2: 600 daAuts
     D:4: 141 daAuts
